 Dungeon Crawl Stone Soup version 0.29.1-12-g30fa7ad0bf (webtiles) character file.

Game seed: 817116285710923945

128 hawla the Chiller (level 5, -2/38 HPs)
             Began as a Meteoran Ice Elementalist on Jan 8, 2023.
             Succumbed to a kobold brigand's curare-tipped dart
             ... in a sewer.
             The game lasted 00:03:15 (494 turns).

hawla the Chiller (Meteoran Ice Elementalist)        Turns: 494, Time: 00:03:15

Health: -2/38      AC:  2    Str:  9      XL:     5   Next: 60%
Magic:  3/11       EV: 12    Int: 17 (18) God:
Gold:   44         SH:  0    Dex: 15      Spells: 3/11 levels left

rFire   . . .      SeeInvis .   (no weapon)
rCold   . . .      Faith    .   (no shield)
rNeg    . . .      Spirit   .   a - +0 robe
rPois   .          Reflect  .   (no helmet)
rElec   .          Harm     .   (no cloak)
rCorr   .          Rampage  .   (no gloves)
Will    .....                   (no boots)
Stlth   +.........              (no amulet)
HPRegen 0.12/turn               (no ring)
MPRegen 0.12/turn               (no ring)

@: lethally poisoned (-2 -> -10), freezing walls, flying, slowed, glowing, very
slow
A: sense surroundings 1, otherworldly, glowing, explore regen, deterioration 1
a: no special abilities


You were in a sewer.
You visited 1 branch of the dungeon, and saw 4 of its levels.
You also visited: Sewer.

You collected 44 gold pieces.

Inventory:

Armour
 a - a +0 robe (worn)
Jewellery
 d - a +6 ring of strength
Potions
 b - a potion of magic


   Skills:
 - Level 0.2 Fighting
 - Level 2.5 Dodging
 - Level 1.4 Stealth
 - Level 3.5 Spellcasting
 + Level 3.8 Conjurations
 - Level 5.2 Ice Magic


You had 3 spell levels left.
You knew the following spells:

 Your Spells              Type           Power      Damage    Failure   Level
a - Freeze                Ice            80%        1d9       1%          1
b - Frozen Ramparts       Ice            40%        1d7       6%          3
c - Hailstorm             Conj/Ice       18%        3d6       26%         4

Your spell library contained the following spells:

 Spells                   Type           Power      Damage    Failure   Level
 Ozocubu's Armour         Ice            20%        N/A       6%          3


Dungeon Overview and Level Annotations

Branches:
Dungeon (4/15) Zot: 2076    Sewer (1/1) Zot: 424
 Temple: D:4-7

Altars:


Innate Abilities, Weirdness & Mutations

You passively map a small area around you.
You are easily found by Zot.
You glow in the dark.
You regain HP and MP as you explore.
Your body sometimes deteriorates upon taking damage.


Message History

You freeze the river rat.
The river rat is almost dead.
The wall freezes the frilled lizard.
You kill the frilled lizard!
The wall freezes the river rat.
You kill the river rat!
The frozen ramparts melt away as you move.
You enter the shallow water.
Moving in this stuff is going to be slow.
You open the door. 2 kobold brigands and 3 kobolds come into view.
A kobold brigand is wielding a +0 dagger and quivering poisoned darts.
A kobold is wielding a +1 dagger of holy wrath.
A kobold brigand is wielding a +0 dagger and quivering curare-tipped darts.
The kobold brigand shouts!
The kobold shouts!
The kobold brigand shouts!
The kobold shouts!
The kobold brigand throws a curare-tipped dart.
The curare-tipped dart hits you.
You are poisoned.
You have difficulty breathing.
* * * LOW HITPOINT WARNING * * *
You feel yourself slow down.
Found 2 scrolls labelled DUAH BULOD POUQU, a pink potion and a potion of magic.
It was a potion of mutation.
You feel extremely strange.
You feel yourself wasting away.
* * * LOW HITPOINT WARNING * * *
Your body deteriorates!
You feel dopey.
You feel very sick.
Unknown command.
Casting: Freeze (safe; 1% risk of failure)
Confirm with . or Enter, or press ? or * to list all spells.
Casting: Frozen Ramparts (dangerous; 6% risk of failure)
Press: ? - help, Dir - look around, f - activate The walls around you are covered in ice.
* * * LOW HITPOINT WARNING * * *
You feel very sick.
The wall freezes the kobold.
The wall freezes the kobold but does no damage.
The wall freezes the kobold brigand.
It was a potion of flight.
You feel very buoyant.
You fly up into the air.
You die...

≈≈≈≈≈≈≈≈≈≈≈≈≈≈≈≈≈≈≈≈≈≈≈
≈≈≈≈≈≈≈≈≈≈≈≈≈≈≈≈≈≈≈≈~~≈
≈≈≈≈≈≈≈≈≈≈≈≈≈≈~≈≈≈~~~..
≈≈≈≈≈≈≈≈~≈≈≈~##.~~~... *
≈≈≈≈≈≈~~.~####........ ~#
####~~....##.....##.. *
#?.#. #..~..........###.
#!...K#.....†......###†.
~*#..KKK@.....####...†...
~ #?...K#....### ##.†...#
#.!#. ###### ####### # #
~ *


You could see 2 kobold brigands and 3 kobolds.

Vanquished Creatures
  6 adders
  4 river rats (Sewer)
  A dart slug (D:3)
  A bat (D:3)
  An endoplasm (Sewer)
  3 giant cockroaches (D:4)
  2 goblins
  A hobgoblin (D:3)
  5 kobolds
  A quokka (D:2)
  3 ball pythons
  4 frilled lizards
  15 rats
47 creatures vanquished.

Notes
Turn   | Place    | Note
-------+----------+-------------------------------------------
     0 | D:1      | hawla the Meteoran Ice Elementalist began the quest for the
                  | Orb.
     0 | D:1      | Reached XP level 1. HP: 14/14 MP: 5/5
   131 | D:2      | Reached XP level 2. HP: 10/20 MP: 0/6
   165 | D:3      | Reached XP level 3. HP: 8/26 MP: 3/8
   169 | D:3      | Learned a level 3 spell: Frozen Ramparts
   218 | D:3      | Reached skill level 5 in Ice Magic
   291 | D:4      | Found a glowing drain.
   294 | D:4      | Reached XP level 4. HP: 33/33 MP: 4/10
   299 | D:4      | Learned a level 4 spell: Hailstorm
   314 | D:4      | Reached skill level 1 in Conjurations
   321 | Sewer    | Entered a sewer
   409 | Sewer    | Reached XP level 5. HP: 31/38 MP: 4/11
   491 | Sewer    | Noticed a kobold brigand
   491 | Sewer    | Noticed a kobold brigand
   492 | Sewer    | Gained mutation: Your body sometimes deteriorates upon
                  | taking damage. [potion of mutation]
   493 | Sewer    | HP: 1/38 [poisoned by a kobold brigand (curare-tipped
                  | dart)]
   494 | Sewer    | Succumbed to a kobold brigand's curare-tipped dart

Illustrated notes

Levels and vault maps discovered:
D:1:      eino_arrival_cavern_b, layout_basic,
          shapermc_ecumenical_altar_mp_urbaneastern
D:2:      layout_basic, basic_altar, uniq_crazy_yiuf_cottage, uniq_natasha
D:3:      layout_loops_corners, lexackson_kobold_supper, uniq_jessica
D:4:      layout_loops_ring, nicolae_wu_jian_wuxing_cycle,
          gup_sewer_entry_glass, reono_crystal_passage, kennysheep_donut
Sewer:    sewer_minmay_treatment

Skill      XL: |  1  2  3  4  5 |
---------------+----------------+-----
Spellcasting   | 3 |  3.5
Ice Magic      | 5 |  5.2
Conjurations   | 2 3 |  3.8
Fighting       | |  0.2
Dodging        | |  2.5
Stealth        | |  1.4

Action                   |  1- 3 |  4- 6 || total
-------------------------+-------+-------++-------
Melee: Unarmed           |    11 |    12 ||    23
 Cast: Freeze            |    17 |    10 ||    27
       Frozen Ramparts   |     4 |    14 ||    18
  Use: Scroll            |     1 |       ||     1
       Potion            |       |     3 ||     3
Armor: Robe              |     4 |     3 ||     7
Dodge: Dodged            |    10 |     5 ||    15
